 Dungeon Crawl Stone Soup version 0.27-a0-909-g0721f309d1 (webtiles) character file.

Game seed: 11556537124361678921

3068 wakim the Slicer (level 10, -3/61 HPs)
             Began as a Kobold Gladiator on Apr 8, 2021.
             Was a Believer of Uskayaw.
             Slain by a gnoll sergeant
             ... wielding a +0 spear
              (5 damage)
             ... on level 6 of the Dungeon.
             The game lasted 00:35:25 (10438 turns).

wakim the Slicer (Kobold Gladiator)                Turns: 10438, Time: 00:35:26

Health: -3/61      AC:  8    Str: 11    XL:     10   Next: 12%
Magic:  9/13       EV: 19    Int:  9    God:    Uskayaw [**....]
Gold:   411        SH:  0    Dex: 21    Spells: 9/9 levels left

rFire    . . .     SeeInvis .   a - +1 rapier
rCold    . . .     Faith    .   (shield restricted)
rNeg     . . .     Spirit   .   f - +0 leather armour
rPois    .         Reflect  .   c - +0 helmet
rElec    .         Harm     .   q - +0 cloak
rCorr    .         Rampage  .   e - +2 pair of gloves
Will     .....                  (no boots)
Stlth    +++++.....             (no amulet)
HPRegen  0.20/turn              (no ring)
MPRegen  0.13/turn              (no ring)

@: no status effects
A: small, no large weapons, nightstalker 3
a: Renounce Religion, Stomp, Line Pass


You were on level 6 of the Dungeon.
You worshipped Uskayaw.
Uskayaw was noncommittal.
You visited 2 branches of the dungeon, and saw 9 of its levels.
You also visited: Sewer.

You collected 411 gold pieces.

Inventory:

Hand Weapons
 a - a +1 rapier (weapon)
 b - a +3 hunting sling
Missiles
 i - 5 throwing nets (quivered)
 k - 93 sling bullets
 s - 184 stones
Armour
 c - a +0 helmet (worn)
 e - a +2 pair of gloves (worn)
 f - a +0 leather armour (worn)
 q - a +0 cloak (worn)
Wands
 w - a wand of acid (9)
 x - a wand of charming (7)
 z - a wand of polymorph (7)
Scrolls
 g - 3 scrolls of amnesia
 R - a scroll of magic mapping
 T - 4 scrolls of teleportation
 U - a scroll of fear
 X - 2 scrolls of fog
 Y - a scroll of blinking
Potions
 h - a potion of mutation {unknown}
 j - a potion of brilliance {unknown}
 m - 2 potions of attraction {unknown}
 n - a potion of haste {unknown}
 E - 3 potions of cancellation
 F - 4 potions of curing
 G - 3 potions of flight
 J - a potion of heal wounds
 K - a potion of magic
 N - a potion of might


   Skills:
 + Level 6.5 Fighting
 * Level 10.8 Short Blades
 - Level 2.6(3.0) Slings
 - Level 2.1(2.9) Throwing
 * Level 6.9 Dodging
 + Level 8.3 Stealth
 + Level 4.5 Invocations


You had 9 spell levels left.
You didn't know any spells.
Your spell library contained the following spells:

 Spells                   Type           Power      Damage    Failure   Level
 Animate Skeleton         Necr           0%         N/A       47%         1
 Apportation              Tloc           0%         N/A       47%         1
 Corona                   Hex            0%         N/A       47%         1
 Freeze                   Ice            0%         1d3       47%         1
 Magic Dart               Conj           0%         1d3       47%         1
 Summon Small Mammal      Summ           0%         N/A       47%         1
 Blink                    Tloc           N/A        N/A       63%         2
 Call Imp                 Summ           0%         N/A       63%         2
 Slow                     Hex            0%         N/A       63%         2
 Confusing Touch          Hex            0%         N/A       85%         3
 Conjure Flame            Conj/Fire      0%         6-21      85%         3
 Frozen Ramparts          Ice            0%         1d2       85%         3
 Gell's Gravitas          Tloc           0%         N/A       85%         3
 Ignite Poison            Fire/Tmut/Pois 0%         N/A       85%         3
 Mephitic Cloud           Conj/Pois/Air  0%         N/A       85%         3
 Ozocubu's Armour         Ice            0%         N/A       85%         3
 Hailstorm                Conj/Ice       0%         3d3       99%         4
 Petrify                  Tmut/Erth      0%         N/A       99%         4
 Summon Ice Beast         Ice/Summ       0%         N/A       99%         4
 Alistair's Intoxication  Tmut/Pois      0%         N/A       100%        5
 Hydra Form               Tmut           0%         N/A       100%        5
 Metabolic Englaciation   Hex/Ice        0%         N/A       100%        5
 Yara's Violent Unravell  Hex/Tmut       0%         3d3       100%        5
 Statue Form              Tmut/Erth      0%         N/A       100%        6


Dungeon Overview and Level Annotations

Branches:
Dungeon (8/15)             Temple (1/1) D:4           Sewer (visited)
   Lair: D:8-11

Altars:
Ashenzari
Dithmenos
Elyvilon
Fedhas
Gozag
Hepliaklqana
Kikubaaqudgha
Makhleb
Nemelex Xobeh
Okawaru
Qazlal
Ru
Sif Muna
Trog
Uskayaw
Vehumet
Xom
Zin
The Shining One

Shops:
D:4 ?

Annotations:
D:4 Grinder
D:5 3 runed translucent doors


Innate Abilities, Weirdness & Mutations

You are small and have problems with some larger weapons.
You are completely attuned to the shadows.


Message History

You hit the gnoll.
The gnoll is almost dead.
The gnoll barely misses you.
You hit the gnoll.
You kill the gnoll!
The gnoll sergeant hits you but does no damage.
The gnoll sergeant hits you with a +0 spear.
* * * LOW HITPOINT WARNING * * *
You puncture the gnoll sergeant!
The gnoll sergeant is heavily wounded.
The gnoll sergeant hits you with a +0 spear.
* * * LOW HITPOINT WARNING * * *
You can now pass through a line of other dancers.
The gnoll sergeant blocks your attack.
The gnoll sergeant is heavily wounded.
The gnoll sergeant closely misses you. The gnoll sergeant blocks your attack.
The gnoll sergeant is heavily wounded.
You barely miss the gnoll sergeant.
The gnoll sergeant is heavily wounded.
The gnoll sergeant completely misses you.
You hit the gnoll sergeant.
The gnoll sergeant is heavily wounded.
The gnoll sergeant hits you with a +0 spear.
* * * LOW HITPOINT WARNING * * *
You puncture the gnoll sergeant!
The gnoll sergeant is almost dead.
The gnoll sergeant blocks your attack.
The gnoll sergeant is almost dead.
The gnoll sergeant hits you with a +0 spear.
* * * LOW HITPOINT WARNING * * *
Aiming: Line Pass
Press: ? - help, Dir - move target The gnoll sergeant appears confused.
The gnoll sergeant hits you with a +0 spear!
* * * LOW HITPOINT WARNING * * *
You hit the gnoll sergeant but do no damage.
The gnoll sergeant is almost dead.
The gnoll sergeant hits you with a +0 spear.
You die...

.....#.......########.....##
.....#.....................##
................##..........#
............##............###
#............#.............##
...............#............#
...............#...........##
...........................#
.....#..........@........###
#....#.##.......g.......##
#....#.....#..........###
##.........#...)..#....#
#.....#.####...#>##..##
####.#### #.....###### ###
#.....# #...### #####


You could see a gnoll sergeant (confused).

Vanquished Creatures
  Pikel (D:5)
  Menkaure (D:4)
  3 water moccasins
  A black bear (D:6)
  A centaur (D:6)
  4 ogres
  A phantom (D:4)
  4 lemures
  A kobold brigand (D:7)
  2 bullfrogs
  A gnoll sergeant (D:8)
  2 scorpions
  3 killer bees (D:7)
  2 wights
  3 howler monkeys (D:7)
  A bullfrog zombie (D:6)
  4 orc priests (D:5)
  A hound (D:5)
  Crazy Yiuf (D:4)
  A bullfrog skeleton (D:6)
  Terence (D:3)
  An iguana (D:6)
  9 orc wizards
  A scorpion zombie (D:4)
  A howler monkey zombie (D:6)
  Robin (D:4)
  12 gnolls
  A howler monkey skeleton (D:5)
  6 adders
  4 river rats
  A shadow imp (D:6)
  A white imp (D:4)
  An ufetubus (D:6)
  2 worms
  A dart slug (D:2)
  10 orcs
  7 ball pythons
  13 endoplasms
  2 giant cockroaches
  13 goblins
  9 hobgoblins
  2 quokkas (D:1)
  7 bats
  2 frilled lizards
  18 kobolds
  17 rats
181 creatures vanquished.

Vanquished Creatures (others)
  2 fungi (D:4)
  A plant (D:1)
3 creatures vanquished.

Grand Total: 184 creatures vanquished

Notes
Turn   | Place    | Note
-------+----------+-------------------------------------------
     0 | D:1      | wakim the Kobold Gladiator began the quest for the Orb.
     0 | D:1      | Reached XP level 1. HP: 12/12 MP: 1/1
    73 | D:1      | Reached skill level 1 in Stealth
   151 | D:1      | Reached XP level 2. HP: 17/17 MP: 2/2
   547 | D:1      | Reached XP level 3. HP: 21/21 MP: 3/3
   805 | D:1      | Found a faded altar of an unknown god.
  1452 | D:2      | Reached XP level 4. HP: 26/26 MP: 4/4
  1922 | D:3      | Reached skill level 5 in Short Blades
  1998 | D:3      | Noticed Terence
  2009 | D:3      | Killed Terence
  2010 | D:3      | Reached XP level 5. HP: 31/31 MP: 5/5
  2725 | D:3      | Reached skill level 5 in Stealth
  2725 | D:3      | Reached XP level 6. HP: 25/36 MP: 6/6
  2940 | D:4      | Noticed Robin
  3024 | D:4      | Killed Robin
  3130 | D:4      | Found a staircase to the Ecumenical Temple.
  3145 | Temple   | Entered the Ecumenical Temple
  3206 | Temple   | Became a worshipper of Uskayaw the Reveller
  3305 | D:4      | Noticed Menkaure
  3406 | D:4      | Reached * piety under Uskayaw
  3584 | D:4      | Noticed Grinder
  3657 | D:4      | Reached ** piety under Uskayaw
  3660 | D:4      | Identified Sif Muna's Disquisition on Moulding
  3686 | D:4      | Noticed an ogre
  3763 | D:4      | Found Qaiplia's Magic Scroll Emporium.
  3782 | D:4      | Reached *** piety under Uskayaw
  3783 | D:4      | Killed Menkaure
  3784 | D:4      | Reached skill level 6 in Short Blades
  3784 | D:4      | Reached skill level 1 in Slings
  3784 | D:4      | Reached XP level 7. HP: 31/41 MP: 7/7
  3922 | D:4      | Found a runed translucent door.
  3925 | D:4      | Noticed Crazy Yiuf
  3930 | D:4      | Killed Crazy Yiuf
  4019 | D:5      | Entered Level 5 of the Dungeon
  4173 | D:4      | Reached skill level 5 in Dodging
  5261 | D:5      | Found a runed translucent gate.
  5261 | D:5      | Found a runed translucent gate.
  5263 | D:5      | Found a runed translucent gate.
  5274 | D:5      | Noticed a water moccasin
  5284 | D:5      | Killed a water moccasin
  5418 | D:5      | Noticed Pikel
  5694 | D:5      | Reached skill level 7 in Short Blades
  5694 | D:5      | Reached XP level 8. HP: 48/48 MP: 8/8
  5849 | D:5      | Reached skill level 1 in Invocations
  5857 | D:5      | Reached **** piety under Uskayaw
  6354 | D:4      | Reached skill level 8 in Short Blades
  6749 | D:6      | Found a glowing drain.
  6976 | Sewer    | Entered a sewer
  7995 | D:5      | Killed Pikel
  7996 | D:5      | Reached skill level 5 in Fighting
  7996 | D:5      | Reached skill level 9 in Short Blades
  7996 | D:5      | Reached XP level 9. HP: 23/54 MP: 7/12
  9046 | D:6      | Reached skill level 10 in Short Blades
 10150 | D:7      | Reached XP level 10. HP: 52/61 MP: 13/13
 10364 | D:8      | Reached ***** piety under Uskayaw
 10437 | D:6      | HP: 1/61 [gnoll sergeant/+0 spear (8)]
 10438 | D:6      | Slain by a gnoll sergeant

Illustrated notes

Levels and vault maps discovered:
D:1:      dpeg_arrival_refuge, layout_basic, serial_forest,
          infiniplex_forest_straight_1, infiniplex_forest_clump_small,
          infiniplex_forest_fountain, infiniplex_forest_lined_room_2,
          basic_ecumenical_altar, grunt_decor_cap, minmay_misc_feat_doors,
          minmay_pentomino_w4
D:2:      layout_basic
D:3:      layout_basic, kennysheep_decorative_pillar, uniq_terence
D:4:      layout_cave_pools, minmay_temple_entry_arrows, serial_glass,
          glass_columns_b, glass_columns_a, glass_columns_a, glass_columns_a,
          glass_columns_a, glass_columns_a, serial_shops, kennysheep_mini,
          uniq_robin, uniq_menkaure, uniq_grinder, uniq_crazy_yiuf_cottage
D:5:      layout_cave_pools, gammafunk_ghost_icy, uniq_pikel
D:6:      layout_cave_pools, portal_sewer_entry_e,
          minmay_a_box_with_orc_wizards_in_it
D:7:      layout_basic
D:8:      layout_rooms, old_standard_altar
Temple:   dpeg_three_leaves_temple

Skill      XL: |  1  2  3  4  5  6  7  8  9 |
---------------+----------------------------+-----
Stealth        | 1 2 3 4 5 6 7 8 |  8.3
Dodging        | 4 5 6 |  6.9
Short Blades   | 5 6 7 9 10 | 10.8
Fighting       | 3 5 6 |  6.5
Slings         | 1 2 |  2.6
Invocations    | 4 |  4.5
Throwing       | |  2.1

Action                   |  1- 3 |  4- 6 |  7- 9 | 10-12 || total
-------------------------+-------+-------+-------+-------++-------
Melee: Rapier            |    67 |    90 |   354 |    49 ||   560
 Fire: Hunting sling     |    11 |    73 |    47 |    11 ||   142
Throw: Boomerang         |       |       |     2 |       ||     2
Invok: Line Pass         |       |       |     6 |     1 ||     7
  Use: Scroll            |     2 |     6 |     9 |       ||    17
       Potion            |       |       |     1 |       ||     1
 Stab: Sleeping          |    10 |     4 |    19 |       ||    33
       Paralysed         |       |     1 |     5 |       ||     6
       Confused          |       |       |     2 |       ||     2
       Distracted        |       |       |     1 |       ||     1
Armor: Leather armour    |    14 |    13 |    64 |     5 ||    96
Dodge: Dodged            |    39 |    61 |   275 |    34 ||   409

Table legend: (Time is in decaauts)
 A = Elapsed time spent in this place.
 B = Non-inter-level travel time spent in this place.
 C = Inter-level travel time spent in this place.
 D = Time resting spent in this place.
 E = Time spent auto-exploring this place.
 F = Levels seen in this place.
 G = Mean time per level.
                   A        B        C        D        E       F      G
               +--------+--------+--------+--------+--------+-----+--------+
         Total |  10419 |   9760 |    659 |    435 |   7030 |  10 | 1041.9 |
       Dungeon |   9904 |   9250 |    654 |    435 |   6614 |   8 | 1238.0 |
        Temple |     67 |     62 |      5 |      0 |     54 |   1 |   67.0 |
         Sewer |    446 |    446 |      0 |      0 |    362 |   1 |  446.0 |
               +--------+--------+--------+--------+--------+-----+--------+

Top non-repeatable levels by time:
     D:5: 2177 daAuts
     D:4: 1759 daAuts
     D:3: 1689 daAuts
     D:6: 1314 daAuts
     D:1: 1155 daAuts
     D:7: 1017 daAuts
     D:2: 629 daAuts
   Sewer: 446 daAuts
     D:8: 161 daAuts
  Temple: 67 daAuts
